 Dungeon Crawl Stone Soup version 0.31.0-12-g77e489cdc1 (webtiles) character file.

Game seed: 5404864343804270571

237040 sking99 the Warrior (level 18, -5/176 HPs)
             Began as a Minotaur Berserker on Mar 7, 2024.
             Was a High Priest of Trog.
             Slain by Saint Roka
             ... wielding a +0 battleaxe
              (46 damage)
             ... on level 1 of the Vaults.
             The game lasted 01:12:15 (32127 turns).

sking99 the Warrior (Minotaur Berserker)           Turns: 32127, Time: 01:12:16

Health: -5/176     AC: 42    Str: 35    XL:     18   Next: 52%
Magic:  17/17      EV: 10    Int:  6    God:    Trog [*****.]
Gold:   2531       SH: 21    Dex: 18    Spells: 17/17 levels left

rFire   . . .        y - +5 broad axe (spect)
rCold   . . .        o - +1 kite shield
rNeg    . . .        R - +12 plate armour of Gehenna {+Inv rPois Str-2 Dex+5}
rPois   +            (helmet restricted)
rElec   .            L - +2 cloak {Stlth+}
rCorr   .            Z - +2 pair of gloves {hurl}
SInv    .            h - +2 pair of boots "Koryefuyru" {Will+}
Will    ++++.        Y - amulet of reflection Stlth
                     j - +6 ring of strength
HPRegen 1.49/turn    H - +6 ring of strength
MPRegen 0.15/turn

%: reflection
@: marked, strong-willed, regenerating
A: horns 2, retaliatory headbutt
}: 2/15 runes: decaying, gossamer
a: Renounce Religion, Evoke Invisibility, Berserk, Trog's Hand, Brothers in Arms


You were on level 1 of the Vaults.
You worshipped Trog.
Trog was extremely pleased with you.
You visited 7 branches of the dungeon, and saw 32 of its levels.
You also visited: Gauntlet.

You collected 3428 gold pieces.
You spent 897 gold pieces at shops.

Inventory:

Hand Weapons
 y - a +5 spectral broad axe (weapon)
Missiles
 l - 9 silver javelins (quivered)
 t - 26 boomerangs
 I - a throwing net
Armour
 h - the +2 pair of boots "Koryefuyru" (worn) {Will+}
   (You found it on level 4 of the Dungeon)

   Will+:     It increases your willpower.
 o - a +1 kite shield (worn)
 L - a +2 cloak of stealth (worn)
 R - the +12 plate armour of Gehenna (worn) {+Inv rPois Str-2 Dex+5}
   (You found it on level 4 of the Lair of Beasts)

   Str-2:     It affects your strength (-2).
   Dex+5:     It affects your dexterity (+5).
   rPois:     It protects you from poison +Inv: It lets you turn invisible.
 Z - a +2 pair of gloves of hurling (worn)
Jewellery
 j - a +6 ring of strength (left hand)
 u - a ring of positive energy
 A - a ring of protection from cold
 F - a ring of protection from fire
 G - a ring of resist corrosion
 H - a +6 ring of strength (right hand)
 M - a ring of flight
 Q - an amulet of regeneration
 Y - an amulet of reflection (around neck)
Wands
 a - a wand of acid (12)
 f - a wand of roots (17)
 K - a wand of polymorph (21)
 S - a wand of flame (31)
 U - a wand of charming (12)
Scrolls
 b - a scroll of identify
 d - 16 scrolls of teleportation
 k - 2 scrolls of enchant weapon
 s - 6 scrolls of fog
 w - 2 scrolls of silence
 z - 3 scrolls of enchant armour
 C - 9 scrolls of blinking
 D - 2 scrolls of poison
 E - 5 scrolls of vulnerability
 J - 2 scrolls of immolation
 N - 2 scrolls of fear
 W - a scroll of torment {unknown}
 X - 2 scrolls of butterflies
Potions
 c - 3 potions of berserk rage
 e - 6 potions of curing
 g - a potion of magic
 i - 5 potions of resistance
 m - 3 potions of mutation
 n - 6 potions of haste
 p - 3 potions of cancellation
 q - 9 potions of heal wounds
 v - 5 potions of enlightenment
 B - 6 potions of might
 P - a potion of invisibility
 T - 3 potions of ambrosia
Miscellaneous
 V - a phantom mirror


   Skills:
 + Level 19.4 Fighting
 - Level 18.0 Axes
 + Level 15.0 Throwing
 + Level 18.7 Armour
 - Level 2.5 Dodging
 + Level 18.8 Shields


You had 17 spell levels left.
You didn't know any spells.
Your spell library was empty.

Dungeon Overview and Level Annotations

Branches:
Dungeon (15/15)            Temple (1/1) D:4            Lair (5/5) D:10
  Swamp (4/4) Lair:3       Spider (4/4) Lair:3        Slime (0/5) Lair:5
    Orc (2/2) D:10            Elf (0/3) Orc:2        Vaults (1/5) D:13
 Depths (0/4) D:15        Gauntlet (visited)

Altars:
Ashenzari
Cheibriados
Dithmenos
Elyvilon
Fedhas
Gozag
Hepliaklqana
Kikubaaqudgha
Makhleb
Nemelex Xobeh
Okawaru
Qazlal
Ru
Sif Muna
Trog
Uskayaw
Vehumet
Wu Jian
Xom
Yredelemnul
Zin
The Shining One
Jiyva

Shops:
D:4 ?   D:7 =   D:8 [!!(   Orc:1 [   Orc:2 *([=   Vaults:1 :

Annotations:
D:7 exclusion: oklob plant
D:10 exclusions: door and 2 more exclusions
Orc:2 2 transporters, Cuillere's ghost, journeyman MiFi
Vaults:1 Saint Roka


Innate Abilities, Weirdness & Mutations

You have a pair of horns on your head.
You reflexively headbutt those who attack you in melee.


Message History

Saint Roka calls down the wrath of Beogh upon you.
Beogh smites you!
You hit Saint Roka but do no damage. Your headbutt misses Saint Roka.
Saint Roka is moderately wounded.
You hit the orc knight.
Your +5 spectral broad axe hits Saint Roka but does no damage.
Your +5 spectral broad axe misses the orc knight.
You slice Saint Roka!! You headbutt Saint Roka.
Saint Roka is moderately wounded.
You closely miss the orc knight.
Your +5 spectral broad axe hits Saint Roka.
Your +5 spectral broad axe misses the orc knight.
You block the orc knight's attack.
Saint Roka invokes the aid of Beogh against you.
Beogh smites you!
You fail to use your ability.
Your +5 spectral broad axe disappears.
You block the orc knight's attack.
Saint Roka mumbles some strange prayers to Beogh against you.
Beogh smites you!
* * * LOW HITPOINT WARNING * * *
Unknown command.
Your two-headed ogre goes berserk!
The orc knight hits you with a +3 great mace!!
* * * LOW HITPOINT WARNING * * *
Saint Roka calls down the wrath of Beogh upon you.
Beogh smites you!
* * * LOW HITPOINT WARNING * * *
Unknown command.
You swap places.
The orc knight unwields a +3 great mace.
The orc knight wields a +0 arbalest.
The orc knight shoots a bolt.
You block the bolt with an invisible shield... and reflect it back!
The bolt hits your two-headed ogre!!
Your two-headed ogre hits Saint Roka with a +0 giant club!
Your two-headed ogre hits Saint Roka with a +0 giant club!!
You feel much better.
Saint Roka hits you with a +0 battleaxe!!!
You die...
Saint Roka roars, "Praise to Beogh!"

#....####.............
##..###.#.....########
##..##..#.....#......#
....#...#.....#......########
....'...#.....#......#......####
###'##..#....)#......#......'...
##..###.'.....#o..).)#.....!#
#....####.[..o'O.)).)'..))..#
......# #....o#o@>).)#......#
####### #.....########......#
#.....# #......# #.....#
#......# #.....# #......#
#.....# #......# #.....#
######## #....)# # #.....#


You could see Saint Roka (strong, ally target), an orc knight (strong), an orc
priest (strong) and a friendly two-headed ogre (summoned, berserk).

Vanquished Creatures
  A tentacled monstrosity (Swamp:4)
  A sphinx (Vaults:1)
  8 emperor scorpions
  2 ghost moths
  A broodmother (Spider:4)
  3 ironbound preservers
  2 very ugly things (Swamp:4)
  An ironbound thunderhulk (Vaults:1)
  An eleionoma (Swamp:3)
  11 bunyips
  A minotaur (Gauntlet)
  A spark wasp (Spider:2)
  2 green deaths (Swamp:4)
  Snorg (Orc:1)
  A fire dragon (D:15)
  A yaktaur captain (Vaults:1)
  4 entropy weavers
  8 hydras
  2 great orbs of eyes (Swamp:4)
  An ice dragon (D:15)
  3 ironbound frosthearts (Vaults:1)
  7 alligators
  8 centaur warriors
  A hell beast (Swamp:4)
  A jorogumo (Spider:3)
  7 boulder beetles
  4 radroaches
  A ghost crab (Swamp:4)
  A catoblepas (Lair:4)
  A dancing weapon (D:13)
  An ogre mage (D:15)
  6 death yaks
  6 two-headed ogres
  2 tengu warriors (D:15)
  9 demonic crawlers
  2 orc high priests
  Urug (D:12)
  15 spriggans
  A hell hog (Lair:5)
  4 skeletal warriors (D:14)
  7 pharaoh ants
  A glowing orange brain (D:13)
  4 goliath frogs
  A sun moth (Spider:3)
  8 orb spiders
  8 deep trolls (Vaults:1)
  A spriggan druid (Swamp:4)
  4 bog bodies
  3 steelbarb worms (Spider:4)
  7 swamp dragons
  A necromancer (Gauntlet)
  2 large abominations (Swamp:4)
  4 deep elf pyromancers
  5 ironbound convokers (Vaults:1)
  An orc knight (Vaults:1)
  17 wolf spiders
  19 ugly things
  A manticore (D:14)
  7 cyclopes
  3 orc sorcerers
  A will-o-the-wisp (Swamp:3)
  2 moths of wrath
  A meliai (shapeshifter) (D:13)
  12 elephants
  3 kobold blastminers
  6 torpor snails
  11 black mambas
  A guardian serpent (Lair:5)
  A gargoyle (D:10)
  3 orange demons (Swamp:4)
  An ice statue (Gauntlet)
  15 cane toads
  4 vault sentinels (Vaults:1)
  An unseen horror (D:13)
  An unseen horror (shapeshifter) (D:15)
  6 komodo dragons
  2 kobold demonologists
  A rime drake (Gauntlet)
  A queen bee (shapeshifter) (D:15)
  6 tyrant leeches
  4 trolls
  24 hornets
  A wolf spider simulacrum (D:14)
  10 tarantellas
  Grinder (D:3)
  17 blink frogs
  12 polar bears
  A raiju (Lair:5)
  7 dream sheep
  34 slime creatures
  22 jumping spiders
  23 culicivoras
  6 shadows
  A hog (shapeshifter) (D:13)
  4 vampires
  17 wyverns
  A wraith (D:12)
  43 yaks
  4 basilisks
  68 redbacks
  9 wargs
  14 swamp worms
  A steam dragon (D:7)
  12 vampire mosquitoes
  4 acid dragons
  A small abomination (Swamp:4)
  17 water moccasins
  14 hell hounds (Lair:5)
  A swamp drake (Swamp:3)
  34 orc warriors
  13 black bears
  An ice beast (D:7)
  2 laughing skulls (D:14)
  7 ogres
  19 wolves
  15 centaurs
  2 phantoms (D:4)
  A kobold brigand (D:6)
  7 bullfrogs
  2 scorpions
  7 wights (D:8)
  5 killer bees (D:7)
  2 howler monkeys (D:6)
  9 electric eels
  3 bombardier beetles
  2 hounds
  Crazy Yiuf (D:6)
  31 orc priests
  7 jellies
  An iguana (D:6)
  Ijyb (D:3)
  37 orc wizards
  2 sleepcaps
  A boggart simulacrum (D:15)
  8 adders
  A shadow imp (D:7)
  A white imp (D:6)
  4 ufetubi (D:5)
  179 orcs
  20 endoplasms
  3 giant cockroaches (D:1)
  3 goblins
  7 hobgoblins
  4 jackals
  4 quokkas
  6 ball pythons
  3 bats
  3 frilled lizards
  8 kobolds
  3 rats
  A spectral weapon (Spider:4)
1160 creatures vanquished.

Vanquished Creatures (collateral kills)
  Nikola (Spider:3)
  Asterion (Spider:4)
  An orc warlord (Orc:2)
  An entropy weaver (Spider:2)
  6 hydras
  4 death yaks (Lair:1)
  3 swamp dragons (Swamp:1)
  An orc knight (Orc:2)
  2 wolf spiders (Spider:3)
  An orc sorcerer (Orc:2)
  An elephant (Lair:5)
  An orange demon (Swamp:4)
  A cane toad (Lair:1)
  A tyrant leech (Swamp:1)
  A jumping spider (Spider:2)
  A culicivora (Spider:3)
  A water moccasin (Lair:1)
  8 orc warriors
  2 orc priests
  10 orcs
48 creatures vanquished.

Vanquished Creatures (others)
  A bloated husk (Swamp:1)
  An orc (D:7)
  15 foxfires (Swamp:3)
  7 spectral weapons
24 creatures vanquished.

Grand Total: 1232 creatures vanquished

Notes
Turn   | Place    | Note
-------+----------+-------------------------------------------
     0 | D:1      | sking99 the Minotaur Berserker began the quest for the Orb.
     0 | D:1      | Reached XP level 1. HP: 19/19 MP: 0/0
    19 | D:1      | Found a faded altar of an unknown god.
   300 | D:1      | Reached XP level 2. HP: 27/27 MP: 1/1
  1149 | D:3      | Reached skill level 4 in Fighting
  1203 | D:3      | Reached XP level 3. HP: 23/33 MP: 2/2
  1209 | D:3      | Reached skill level 1 in Shields
  1332 | D:3      | Noticed Ijyb
  1352 | D:3      | Killed Ijyb
  1353 | D:3      | Reached skill level 5 in Axes
  1353 | D:3      | Reached XP level 4. HP: 41/41 MP: 3/3
  1602 | D:3      | Reached XP level 5. HP: 44/47 MP: 4/4
  1785 | D:3      | Reached ** piety under Trog
  1792 | D:3      | Noticed Grinder
  1793 | D:3      | Reached skill level 5 in Fighting
  1799 | D:3      | Paralysed by Grinder for 4 turns
  1809 | D:3      | Paralysed by Grinder for 3 turns
  1815 | D:3      | Killed Grinder
  1816 | D:3      | Reached XP level 6. HP: 9/56 MP: 5/5
  2478 | D:4      | Identified the +2 pair of boots "Koryefuyru" {Will+}
  2614 | D:4      | Reached XP level 7. HP: 62/62 MP: 6/6
  2637 | D:4      | Found a staircase to the Ecumenical Temple.
  2655 | Temple   | Entered the Ecumenical Temple
  2711 | D:4      | Found Moagada's Magic Scroll Shoppe.
  2779 | D:4      | Reached skill level 6 in Fighting
  3077 | D:4      | Found a basalt altar of Yredelemnul.
  3211 | D:5      | Entered Level 5 of the Dungeon
  3217 | D:5      | Found a shadowy altar of Dithmenos.
  3431 | D:5      | Found a bloodstained altar of Trog.
  3438 | D:5      | Found a radiant altar of Vehumet.
  3441 | D:5      | Found an ancient bone altar of Kikubaaqudgha.
  3441 | D:5      | Found a white marble altar of Elyvilon.
  3530 | D:5      | Reached *** piety under Trog
  3959 | D:6      | Reached XP level 8. HP: 66/71 MP: 7/7
  4133 | D:6      | Reached skill level 5 in Shields
  4570 | D:6      | Reached skill level 7 in Fighting
  4589 | D:6      | Reached skill level 5 in Armour
  4603 | D:6      | Reached skill level 10 in Axes
  4603 | D:6      | Reached XP level 9. HP: 61/79 MP: 8/8
  4678 | D:6      | Found a runed translucent door.
  4679 | D:6      | Noticed Crazy Yiuf
  4924 | D:6      | Killed Crazy Yiuf
  5051 | D:7      | Reached skill level 8 in Fighting
  5419 | D:7      | Reached **** piety under Trog
  5568 | D:7      | Found Zathiam's Jewellery Shop.
  5571 | D:7      | Bought a ring of protection from cold for 275 gold pieces
  5782 | D:7      | Noticed an oklob plant
  5888 | D:8      | Found Gouttu's Antique Armour Shoppe.
  5927 | D:8      | Found Opting's Distillery.
  5974 | D:8      | Found Fyem's Antique Weapon Emporium.
  6805 | D:8      | Reached XP level 10. HP: 85/89 MP: 9/9
  6889 | D:8      | Found a stormy altar of Qazlal.
  7027 | D:8      | Found Syoluo's Distillery.
  7078 | D:8      | Reached skill level 9 in Fighting
  7082 | D:8      | Reached skill level 1 in Throwing
  7558 | D:9      | Reached ***** piety under Trog
  7589 | D:9      | Found an opulent altar of Gozag.
  8019 | D:9      | Noticed a two-headed ogre
  8046 | D:9      | Killed a two-headed ogre
  8227 | D:10     | Entered Level 10 of the Dungeon
  8232 | D:10     | Found a staircase to the Lair.
  8682 | D:10     | Noticed a gargoyle
  9299 | D:10     | Reached XP level 11. HP: 99/99 MP: 10/10
  9308 | D:10     | Reached skill level 10 in Fighting
 10010 | D:10     | Found a staircase to the Orcish Mines.
 10200 | Lair:1   | Entered Level 1 of the Lair of Beasts
 10348 | Lair:1   | Noticed a boulder beetle
 10467 | Lair:1   | Killed a boulder beetle
 10502 | Lair:1   | Identified the +7 long sword "Newtslayer" {freeze, *Noise
                  | rN++}
 10716 | Lair:1   | Noticed a death yak
 10717 | Lair:1   | Noticed a death yak
 10734 | Lair:1   | Noticed a death yak
 10735 | Lair:1   | Noticed a death yak
 10737 | Lair:1   | Noticed a death yak
 10738 | Lair:1   | Killed a death yak
 10741 | Lair:1   | Killed a death yak
 10742 | Lair:1   | HP: 6/151 [death yak (15)]
 10743 | Lair:1   | Killed a death yak
 10744 | Lair:1   | Reached skill level 5 in Throwing
 10744 | Lair:1   | Killed a death yak
 10745 | Lair:1   | HP: 2/151 [death yak (6)]
 10747 | Lair:1   | Killed a death yak
 10748 | Lair:1   | Reached skill level 11 in Fighting
 11307 | Lair:2   | Reached skill level 10 in Shields
 11364 | Lair:2   | Reached XP level 12. HP: 110/110 MP: 11/11
 11531 | Lair:2   | Reached skill level 15 in Axes
 11622 | Lair:2   | Identified the +7 mace of Kismet {vamp, rElec Int+7 Dex-3}
 11688 | Lair:2   | Received a gift from Trog
 11806 | Lair:2   | Reached skill level 10 in Armour
 12062 | Lair:2   | Noticed a five-headed hydra
 12068 | Lair:2   | Killed a five-headed hydra
 12069 | Lair:2   | Noticed a four-headed hydra
 12075 | Lair:2   | Killed a four-headed hydra
 12513 | Lair:3   | Noticed a seven-headed hydra
 12536 | Lair:3   | Killed a ten-headed hydra
 12691 | Lair:3   | Reached skill level 12 in Fighting
 13030 | Lair:3   | Found a hole to the Spider Nest.
 13105 | Lair:3   | Noticed a four-headed hydra
 13120 | Lair:3   | Killed a seven-headed hydra
 13233 | Lair:3   | Reached XP level 13. HP: 115/118 MP: 12/12
 13373 | Lair:3   | Found a staircase to the Swamp.
 13851 | Lair:4   | Identified the +12 plate armour of Gehenna {+Inv rPois
                  | Str-2 Dex+5}
 14820 | Lair:5   | Entered Level 5 of the Lair of Beasts
 15172 | Lair:5   | Reached skill level 13 in Fighting
 15185 | Lair:5   | Received a gift from Trog
 15248 | Lair:5   | Found a staircase to the Slime Pits.
 15257 | Lair:5   | Found a viscous altar of Jiyva.
 15794 | Lair:5   | Reached XP level 14. HP: 125/129 MP: 13/13
 16776 | Orc:1    | Entered Level 1 of the Orcish Mines
 16776 | Orc:1    | Found Joal's Antique Armour Boutique.
 16812 | Orc:1    | Bought a pair of embroidered boots for 232 gold pieces
 16893 | Orc:1    | You fall into a shaft and drop 1 floor!
 16893 | Orc:2    | Entered Level 2 of the Orcish Mines
 17032 | Orc:2    | Found a staircase to the Elven Halls.
 17221 | Orc:1    | Noticed Snorg
 17245 | Orc:1    | Killed Snorg
 18038 | Orc:2    | Received a gift from Trog
 18057 | Orc:2    | Reached skill level 14 in Fighting
 18229 | Orc:2    | Found Qietini's Jewellery Boutique.
 18234 | Orc:2    | Bought an amulet of reflection for 390 gold pieces
 18370 | Orc:2    | Noticed an orc warlord
 18389 | Orc:2    | Killed an orc warlord
 18408 | Orc:2    | Found Gohe's Antique Armour Shoppe.
 18550 | Orc:2    | Found Ydoskuag's Antique Weapon Emporium.
 18712 | Orc:2    | Found Naelomi's Assorted Antiques.
 18835 | Orc:2    | Found a transporter.
 18846 | Orc:2    | Noticed Cuillere's ghost (journeyman MiFi)
 18884 | Orc:2    | Found a transporter.
 19198 | D:11     | Found a gate leading to a gauntlet.
 19207 | Gauntlet | Entered a Gauntlet
 19207 | Gauntlet | Found a transporter.
 19207 | Gauntlet | Found a transporter.
 19225 | Gauntlet | Found a transporter.
 19229 | Gauntlet | Found a transporter.
 19235 | Gauntlet | Found a runed translucent gate.
 19235 | Gauntlet | Found a runed translucent gate.
 19235 | Gauntlet | Found a runed translucent gate.
 19237 | Gauntlet | Found a transporter.
 19241 | Gauntlet | Found a transporter.
 19249 | Gauntlet | Found a transporter.
 19266 | Gauntlet | Found a transporter.
 19280 | Gauntlet | Found a transporter.
 19284 | Gauntlet | Found a transporter.
 19292 | Gauntlet | Found a transporter.
 19296 | Gauntlet | Found a transporter.
 19462 | Gauntlet | Reached skill level 10 in Throwing
 19684 | Gauntlet | Identified the +1 leather armour of Atheism {-Tele rF+
                  | Regen+}
 20386 | D:12     | Reached ****** piety under Trog
 20473 | D:12     | Reached XP level 15. HP: 129/139 MP: 14/14
 20862 | D:12     | Noticed Urug
 20874 | D:12     | Killed Urug
 21190 | D:13     | Reached skill level 15 in Fighting
 21296 | D:13     | Found a gate to the Vaults.
 21450 | D:13     | Identified the blade talisman "Zuejetox" {rC++ rN+ Str-2
                  | Slay+5}
 21608 | D:13     | Received a gift from Trog
 22694 | D:14     | Found a blossoming altar of Fedhas.
 23119 | D:15     | Entered Level 15 of the Dungeon
 23225 | D:15     | Received a gift from Trog
 23226 | D:15     | Reached skill level 15 in Shields
 23236 | D:15     | Reached skill level 15 in Armour
 23481 | D:15     | Identified the +1 robe of the Guilds {^Drain rC+ Slay+6}
 23591 | D:15     | Reached skill level 16 in Fighting
 23592 | D:15     | Found a staircase to the Depths.
 24026 | Spider:1 | Entered Level 1 of the Spider Nest
 24088 | Spider:1 | Reached XP level 16. HP: 151/151 MP: 15/15
 24770 | Spider:2 | Received a gift from Trog
 26011 | Spider:3 | Noticed Nikola
 26020 | Spider:3 | Killed Nikola
 26021 | Spider:3 | Reached skill level 17 in Fighting
 26136 | Spider:3 | Received a gift from Trog
 26454 | Spider:4 | Entered Level 4 of the Spider Nest
 26902 | Spider:4 | Reached XP level 17. HP: 129/162 MP: 16/16
 26949 | Spider:4 | Noticed Asterion
 26960 | Spider:4 | Killed Asterion
 27237 | Spider:4 | Received a gift from Trog
 27474 | Spider:4 | Got a gossamer rune of Zot
 27480 | Spider:4 | Identified the +3 pair of boots of the Gate {rN+ Str+4
                  | Int+2}
 27503 | Spider:4 | Identified the +1 pair of gloves of Duty {Will+ Str+3}
 27664 | Swamp:1  | Entered Level 1 of the Swamp
 27985 | Swamp:1  | Reached skill level 18 in Fighting
 29930 | Swamp:4  | Entered Level 4 of the Swamp
 30103 | Swamp:4  | Noticed a tentacled monstrosity
 30108 | Swamp:4  | Killed a tentacled monstrosity
 30750 | Swamp:4  | Reached XP level 18. HP: 174/174 MP: 17/17
 31262 | Swamp:4  | Reached skill level 19 in Fighting
 31301 | Swamp:4  | Got a decaying rune of Zot
 31642 | Vaults:1 | Entered Level 1 of the Vaults
 31643 | Vaults:1 | Found Xyvonke's Book Shoppe.
 32087 | Vaults:1 | Received a gift from Trog
 32115 | Vaults:1 | Reached skill level 15 in Throwing
 32115 | Vaults:1 | Noticed Saint Roka
 32127 | Vaults:1 | Slain by Saint Roka

Illustrated notes

Levels and vault maps discovered:
D:1:      scummos_arrival_forest, layout_loops_cross,
          hellmonk_ecumenical_altar_heavens_door, corexii_leaking_fountain,
          chequers_serial_rivers_room_b
D:2:      layout_basic
D:3:      layout_loops_ring, hex_medium, uniq_grinder, uniq_ijyb
D:4:      layout_basic, lemuel_coloured_pillars_altar,
          minmay_temple_entry_wispy, minmay_misc_feat_ornament,
          minmay_shop_grid_forest
D:5:      layout_loops_ring, nicolae_overflow_hallway_of_the_gods
D:6:      layout_loops_ring, uniq_crazy_yiuf_cottage
D:7:      lemuel_slime, layout_loops_cross, serial_shops,
          nicolae_shop_real_fake_doors
D:8:      layout_gridville, amcnicky_altar_gilded, serial_shops,
          nicolae_lakefront_shop, kennysheep_mini_moat, nicolae_take_the_stairs,
          nicolae_inconvenience_store
D:9:      layout_rooms, grunt_gozag_breadcrumbs, lightli_church_of_beogh
D:10:     layout_roguey [special_room_orc], erik_lair_orcish_takeover,
          erik_orc_2, serial_curves, eino_curves_03, eino_curves_02
D:11:     layout_long_grid, gauntlet_entry_generic
D:12:     layout_irregular_city, uniq_urug
D:13:     layout_irregular_city, hellmonk_vaults_order_and_chaos,
          hellmonk_talismancer
D:14:     layout_cave_pods, special_room [special_room_orc],
          reono_crystal_passage, fedhas_altar_1
D:15:     grunt_enter_depths_hoard, layout_basic
Temple:   jpeg_temple_clearing
Lair:1:   layout_misc_corridors, infiniplex_staircase_pool_2, lemuel_fruit_tree
Lair:2:   layout_hall_layers, st_stairs_10
Lair:3:   layout_gridlike, nicolae_swamp_entry_splash_gauntlet,
          spider_nest_entry_web_field, nicolae_quartered_pool_super
Lair:4:   layout_cave_pods, cheibrodos_lair_lostbears, grunt_megastairs_3
Lair:5:   hangedman_lair_tendril_chambers, layout_cave_shapes,
          hangedman_lair_caniforms_friends, slime_entry_1
Swamp:1:  layout_basic_swamp, nicolae_swamp_feature_on_the_river_bank,
          nicolae_swamp_little_tower, st_swamp_ruins_3
Swamp:2:  layout_basic_swamp, evilmike_swamp_ruin_rubble_1
Swamp:3:  layout_falls_marsh, evilmike_swamp_ruin_rubble_2,
          nicolae_swamp_bunyip_nook
Swamp:4:  swamp_vile, layout_basic_swamp, swamp_pool_1_2, nicolae_swamp_treefoil
Spider:1: layout_spider_delve, drop_trap
Spider:2: layout_cave_pods, lemuel_hornet_nest
Spider:3: layout_spider_delve, nicolae_spider_webbed_stairs, uniq_nikola
Spider:4: grunt_spider_rune_circles, uniq_asterion
Orc:1:    layout_caves, serial_shops, shop, minmay_orc_temple_a, uniq_snorg
Orc:2:    grunt_orc_community_town_hall, layout_caves,
          grunt_orc_community_big_house_1, grunt_orc_community_big_house_2,
          grunt_orc_community_house_3, grunt_orc_community_house_1,
          grunt_orc_community_house_2, grunt_orc_community_house_3,
          grunt_orc_community_house_3, grunt_orc_community_house_1,
          gammafunk_ghost_berserking_beasts
Vaults:1: nicolae_vaults_diamond_1, hangedman_vaults_corner,
          nicolae_vaults_meiosis, nicolae_vaults_diagonal_hallway_6,
          nicolae_vaults_wine_cellar, nicolae_vaults_cornered_office,
          grunt_vaults_bifocal, dpeg_vaults_monster_box,
          nicolae_vaults_storage_room_water, nicolae_vaults_specimen_jars,
          v_misc_32, grunt_vaults_focal, vaults_dpeg_hooks,
          nicolae_vaults_asterisk, ontoclasm_vaults_ring_square,
          layout_vaults_ring, serial_shops, statue_bzr, shop, uniq_saint_roka

Skill      XL: |  1  2  3  4  5  6  7  8  9 10 11 12 13 14 15 16 17 18 |
---------------+-------------------------------------------------------+-----
Axes           | 4 5 6 7 8 10 11 13 14 16 17 18 | 18.0
Fighting       | 4 5 6 7 8 9 11 12 13 14 16 17 18 19 | 19.4
Shields        | 1 2 3 4 6 7 8 10 11 12 13 15 16 18 | 18.8
Armour         | 4 5 7 8 9 10 12 13 15 16 18 | 18.7
Throwing       | 3 5 7 8 10 11 13 14 15 | 15.0
Dodging        | |  2.5

Action                     |  1- 3 |  4- 6 |  7- 9 | 10-12 | 13-15 | 16-18 || total
---------------------------+-------+-------+-------+-------+-------+-------++-------
  Melee: Hand axe          |    54 |     7 |       |       |       |       ||    61
         Headbutt          |    12 |     3 |    59 |    93 |   308 |   169 ||   644
         War axe           |       |    63 |   178 |       |       |       ||   241
         Broad axe         |       |       |   121 |   462 |  1149 |   691 ||  2423
  Throw: Dart              |       |       |       |     4 |       |       ||     4
         Boomerang         |       |       |       |    18 |       |       ||    18
         Throwing net      |       |       |       |     1 |     1 |       ||     2
         Javelin           |       |       |       |       |       |     6 ||     6
 Invoke: Berserk           |     2 |     2 |     5 |     9 |     5 |     5 ||    28
         Trog's Hand       |       |     1 |     2 |     3 |     5 |     3 ||    14
         Brothers in Arms  |       |       |       |     4 |     3 |    11 ||    18
    Use: Scroll            |     7 |       |     5 |     1 |    10 |     9 ||    32
         Potion            |       |       |       |     1 |       |     2 ||     3
   Stab: Sleeping          |     2 |       |       |       |       |       ||     2
         Held in net/web   |       |       |       |     1 |       |       ||     1
         Distracted        |       |       |       |       |       |    12 ||    12
 Armour: Animal skin       |     7 |       |       |       |       |       ||     7
         Leather armour    |     8 |       |       |       |       |       ||     8
         Ring mail         |    14 |    32 |       |       |       |       ||    46
         Chain mail        |       |     7 |   165 |   377 |    23 |       ||   572
         Plate armour      |       |       |       |       |   647 |   498 ||  1145
  Dodge: Dodged            |    19 |    23 |    91 |   121 |   228 |   181 ||   663
  Block: Kite shield       |     7 |    29 |   156 |   240 |   887 |   749 ||  2068
         Reflection        |       |       |       |       |    32 |    32 ||    64
